 Dungeon Crawl Stone Soup version 0.27-a0-1140-g099f9bb0e8 (webtiles) character file.

Game seed: 5118132656184071450

2314 Vomitron the Magician (level 9, -3/66 HPs)
             Began as a Djinni Earth Elementalist on May 10, 2021.
             Was an Initiate of Makhleb.
             Slain by an unseen horror (10 damage)
             ... on level 7 of the Dungeon.
             The game lasted 00:13:42 (8000 turns).

Vomitron the Magician (Djinni Earth Elementalist)   Turns: 8000, Time: 00:13:43

Health: -3/66      AC:  5    Str:  7    XL:     9   Next: 41%
Gold:   227        EV: 13    Int: 21    God:    Makhleb [......] SH:  5 Dex: 13

rFire    + + .     SeeInvis .   v - +0 long sword
rCold    x . .     Faith    .   p - +0 buckler
rNeg     . . .     Spirit   .   c - +0 robe
rPois    ∞         Reflect  .   E - +0 helmet
rElec    .         Harm     .   q - +0 cloak {Will+}
rCorr    .         Rampage  .   j - +0 pair of gloves
Will     +....                  (boots unavailable)
Stlth    ++........             (no amulet)
HPRegen  0.21/turn              (no ring)
MPRegen  0.00/turn              (no ring)

@: flying, hasted, very quick
A: sickness immunity, fire resistance 2, cold vulnerability 1, float, innate
caster, hp casting, extra vitality 1
a: Renounce Religion


You were on level 7 of the Dungeon.
You worshipped Makhleb.
Makhleb was noncommittal.
You visited 2 branches of the dungeon, and saw 8 of its levels.

You collected 227 gold pieces.

Inventory:

Hand Weapons
 e - a +0 club
 t - a +0 halberd
 v - a +0 long sword (weapon)
Missiles
 b - 91 stones
Armour
 c - a +0 robe (worn)
 j - a +0 pair of gloves (worn)
 p - a +0 buckler (worn)
 q - a +0 cloak of willpower (worn)
 E - a +0 helmet (worn)
Magical Staves
 r - a staff of poison
Jewellery
 l - a ring of positive energy
 w - an amulet of faith
 x - a ring of poison resistance
Wands
 d - a wand of paralysis (12)
 B - a wand of polymorph (17)
 C - a wand of flame (14)
Scrolls
 a - 2 scrolls of amnesia
 i - 2 scrolls of fog {unknown}
 k - 3 scrolls of immolation
 y - a scroll of torment {unknown}
 z - a scroll of fear {unknown}
 A - a scroll of identify
 D - a scroll of holy word {unknown}
 F - a scroll of enchant weapon {unknown}
Potions
 f - a potion of haste
 g - a potion of berserk rage {unknown}
 h - 3 potions of cancellation
 m - a potion of mutation {unknown}
 n - a potion of magic {unknown}
 o - a potion of flight {unknown}
 s - 4 potions of might {unknown}
 u - a potion of heal wounds {unknown}
 G - 2 potions of curing {unknown}


   Skills:
 + Level 6.1 Fighting
 + Level 3.3 Dodging
 - Level 1.5 Stealth
 - Level 4.4 Shields
 * Level 7.9 Spellcasting
 + Level 2.1 Invocations


You couldn't memorise any spells.
You knew the following spells:

 Your Spells              Type           Power      Damage    Failure   Level
a - Sandblast             Erth           82%        2d17      1%          1
b - Passwall              Tmut/Erth      34%        N/A       1%          2
c - Stone Arrow           Conj/Erth      82%        3d12      1%          3
d - Petrify               Tmut/Erth      41%        N/A       3%          4
e - Lee's Rapid Deconstr  Erth           20%        3d13*     9%          5
f - Corona                Hex            45%        N/A       1%          1
g - Poisonous Vapours     Pois/Air       82%        N/A       1%          2
h - Searing Ray           Conj           82%        3d6       1%          2
i - Spider Form           Tmut/Pois      20%        N/A       1%          3
Your spell library was empty.

Dungeon Overview and Level Annotations

Branches:
Dungeon (7/15)             Temple (1/1) D:6

Altars:
Ashenzari
Cheibriados
Dithmenos
Fedhas
Hepliaklqana
Kikubaaqudgha
Makhleb
Okawaru
Qazlal
Ru
Sif Muna
Trog
Uskayaw
Vehumet
Wu Jian
Xom
Zin
The Shining One

Shops:
D:2 ?   D:3 [   D:5 !


Innate Abilities, Weirdness & Mutations

You are immune to sickness and miasma.
You are immune to poison.
Your flesh is very heat resistant. (rF++)
You are vulnerable to cold. (rC-)
You float through the air rather than walking.
You learn spells naturally, not from books.
Your magical power is your life essence.
You have superior vitality. (+4 HP)


Message History

Casting: Poisonous Vapours (safe; 1% risk of failure)
Confirm with . or Enter, or press ? or * to list all spells.
Aiming: Poisonous Vapours (safe; 1% risk of failure)
Press: ? - help, Dir - move target You see nothing there to target!
Something hits you. Something hits you.
Casting: Poisonous Vapours (safe; 1% risk of failure)
Confirm with . or Enter, or press ? or * to list all spells.
You don't know that spell.
You closely miss something. Something hits you!
Something hits you but does no damage.
Casting: Poisonous Vapours (safe; 1% risk of failure)
Confirm with . or Enter, or press ? or * to list all spells.
Aiming: Poisonous Vapours (safe; 1% risk of failure)
Press: ? - help, Dir - move target You see nothing there to target!
Unknown command.
Casting: Poisonous Vapours (safe; 1% risk of failure)
Confirm with . or Enter, or press ? or * to list all spells.
Okay, then.
Casting: Poisonous Vapours (safe; 1% risk of failure)
Confirm with . or Enter, or press ? or * to list all spells.
You don't know that spell.
Casting: Poisonous Vapours (safe; 1% risk of failure)
Confirm with . or Enter, or press ? or * to list all spells.
Aiming: Poisonous Vapours (safe; 1% risk of failure)
Press: ? - help, Dir - move target You see nothing there to target!
Unknown command.
Unknown command.
Something hits you.
You feel yourself speed up. Something hits you!
* * * LOW HITPOINT WARNING * * *
Something hits you!
* * * LOW HITPOINT WARNING * * *
Something hits you.
* * * LOW HITPOINT WARNING * * *
Something hits you!
You die...

#....c#.## ##.# #..<#
#.._.>#..###..# #...###
#..._o#...#...# #......
#...ob#.†..##.####...###
....#######.##.#.........#
...... ##..............#
..... #..............#
.... #.#####.####...###
..# #@......# #...... #.#
#.####### #...###
##.####.#####.# #...#
..............# #...#
...$.##.####### #...# .#.
#.# ######## #...# ..#
#.†....# ##..### ####
#.####.# #......
#.####.####'#####


There were no monsters in sight!

Vanquished Creatures
  3 water moccasins
  An orc warrior (D:6)
  A sky beast (D:6)
  3 black bears
  3 ogres
  A phantom (D:5)
  A centaur (D:7)
  A wyvern zombie (D:5)
  A kobold brigand (D:6)
  2 bullfrogs
  3 scorpions
  A wyvern skeleton (D:7)
  A wight (D:6)
  A bullfrog zombie (D:5)
  A centaur zombie (D:5)
  2 hounds
  A jelly (D:6)
  Crazy Yiuf (D:3)
  2 orc priests
  Jessica (D:3)
  4 iguanas
  An orc wizard (D:6)
  A hound skeleton (D:5)
  2 hound zombies (D:5)
  6 adders
  4 gnolls (D:5)
  A white imp (D:6)
  An ufetubus (D:4)
  2 worms (D:2)
  2 dart slugs
  4 orcs
  9 ball pythons
  5 endoplasms
  A giant cockroach (D:3)
  3 goblins
  4 hobgoblins
  3 jackals (D:2)
  13 kobolds
  2 quokkas
  A bat (D:1)
  2 frilled lizards
  5 rats
107 creatures vanquished.

Vanquished Creatures (others)
  2 plants (D:6)
2 creatures vanquished.

Grand Total: 109 creatures vanquished

Notes
Turn   | Place    | Note
-------+----------+-------------------------------------------
     0 | D:1      | Vomitron the Djinni Earth Elementalist began the quest for
                  | the Orb.
     0 | D:1      | Reached XP level 1. HP: 15/15 MP: 0/0
   850 | D:1      | Reached XP level 2. HP: 14/22 MP: 0/0
  1043 | D:2      | Reached skill level 3 in Spellcasting
  1191 | D:2      | Reached skill level 1 in Fighting
  1343 | D:2      | Reached XP level 3. HP: 22/27 MP: 0/0
  1343 | D:2      | Learned a level 1 spell: Corona
  1757 | D:2      | Found Hiusosysa's Magic Scroll Shoppe.
  1900 | D:2      | Found a faded altar of an unknown god.
  2120 | D:2      | Reached XP level 4. HP: 23/33 MP: 0/0
  2292 | D:3      | Found Weky's Armour Shop.
  2434 | D:3      | Noticed a black bear
  2679 | D:2      | Killed a black bear
  2680 | D:2      | Reached skill level 4 in Spellcasting
  2680 | D:2      | Reached XP level 5. HP: 33/39 MP: 0/0
  2680 | D:2      | Learned a level 2 spell: Poisonous Vapours
  2936 | D:3      | Found an ornate altar of the Wu Jian Council.
  2940 | D:3      | Found a glowing golden altar of the Shining One.
  3338 | D:3      | Found a runed translucent door.
  3339 | D:3      | Noticed Crazy Yiuf
  3344 | D:3      | Killed Crazy Yiuf
  3345 | D:3      | Reached XP level 6. HP: 40/46 MP: 0/0
  3515 | D:3      | Noticed Jessica
  3518 | D:3      | Killed Jessica
  3698 | D:4      | Reached skill level 1 in Shields
  3698 | D:4      | Reached skill level 5 in Spellcasting
  4324 | D:5      | Entered Level 5 of the Dungeon
  4409 | D:5      | Found Ijiblatu's Distillery.
  4504 | D:5      | Noticed a water moccasin
  4508 | D:5      | Killed a water moccasin
  4509 | D:5      | Reached XP level 7. HP: 35/51 MP: 0/0
  4509 | D:5      | Learned a level 2 spell: Searing Ray
  5013 | D:5      | Reached skill level 6 in Spellcasting
  5265 | D:5      | Reached XP level 8. HP: 49/58 MP: 0/0
  5943 | D:6      | Reached skill level 5 in Fighting
  6050 | D:6      | Reached skill level 7 in Spellcasting
  6555 | D:6      | Found a blossoming altar of Fedhas.
  6559 | D:6      | Found a staircase to the Ecumenical Temple.
  6568 | Temple   | Entered the Ecumenical Temple
  6689 | Temple   | Became a worshipper of Makhleb the Destroyer
  6716 | D:6      | Reached XP level 9. HP: 52/65 MP: 0/0
  6716 | D:6      | Learned a level 3 spell: Spider Form
  6817 | D:6      | Found a glowing silver altar of Zin.
  6818 | D:6      | Found a bloodstained altar of Trog.
  6819 | D:6      | Found a shadowy altar of Dithmenos.
  6822 | D:6      | Found a sacrificial altar of Ru.
  6973 | D:6      | Reached skill level 1 in Invocations
  7427 | D:7      | Found an iron altar of Okawaru.
  7929 | D:7      | Found a shimmering altar of Xom.
  7931 | D:7      | Found a shimmering altar of Xom.
  7931 | D:7      | Found a shimmering altar of Xom.
  7935 | D:7      | Found a shimmering altar of Xom.
  8000 | D:7      | Slain by an unseen horror

Illustrated notes

Levels and vault maps discovered:
D:1:      grunt_arrival_lava_bath, layout_rooms,
          hangedman_abyss_or_decor_lesser_grid, minmay_tree_intersection
D:2:      layout_basic, hellmonk_ecumenical_altar_arch_garden, serial_shops,
          shop
D:3:      layout_rooms, lemuel_coloured_pillars_altar,
          nicolae_overflow_hidden_temple, serial_shops, nicolae_shop_crystal,
          uniq_crazy_yiuf_cottage, uniq_jessica
D:4:      layout_basic
D:5:      layout_gridville, serial_shops, nicolae_shop_window_shopping,
          kennysheep_cross_bottleneck, glass_columns_b,
          chequers_serial_rivers_micro_b
D:6:      kb_forest_paths, layout_basic, grunt_temple_overflow_growth_and_decay,
          minitemple, minmay_temple_entry_overgrown
D:7:      layout_loops_cross, xom_shifter_show, kennysheep_little_box
Temple:   compressed_dpeg_triangle_lava_temple

Skill      XL: |  1  2  3  4  5  6  7  8  9 |
---------------+----------------------------+-----
Spellcasting   | 3 4 5 6 7 |  7.9
Fighting       | 1 2 3 4 5 6 |  6.1
Shields        | 2 3 4 |  4.4
Invocations    | 2 |  2.1
Dodging        | 3 |  3.3
Stealth        | |  1.5

Action                   |  1- 3 |  4- 6 |  7- 9 || total
-------------------------+-------+-------+-------++-------
Melee: Unarmed           |    46 |       |       ||    46
       Club              |    50 |    36 |       ||    86
       Long sword        |       |       |    16 ||    16
 Cast: Sandblast         |    35 |    15 |     3 ||    53
       Stone Arrow       |       |    22 |    66 ||    88
       Poisonous Vapours |       |     2 |    18 ||    20
       Searing Ray       |       |       |     1 ||     1
  Use: Scroll            |     1 |     5 |       ||     6
       Potion            |       |       |     1 ||     1
 Stab: Sleeping          |     2 |       |       ||     2
Armor: Robe              |    21 |    16 |     7 ||    44
Dodge: Dodged            |    67 |    46 |    19 ||   132
Block: Buckler           |       |       |     7 ||     7
       Rpst.: Long sword |       |       |     9 ||     9

Table legend: (Time is in decaauts)
 A = Elapsed time spent in this place.
 B = Non-inter-level travel time spent in this place.
 C = Inter-level travel time spent in this place.
 D = Time resting spent in this place.
 E = Time spent auto-exploring this place.
 F = Levels seen in this place.
 G = Mean time per level.
                   A        B        C        D        E       F      G
               +--------+--------+--------+--------+--------+-----+--------+
         Total |   8032 |   7854 |    178 |   2577 |   4343 |   8 | 1004.0 |
       Dungeon |   7901 |   7723 |    178 |   2577 |   4230 |   7 | 1128.7 |
        Temple |    131 |    131 |      0 |      0 |    113 |   1 |  131.0 |
               +--------+--------+--------+--------+--------+-----+--------+

Top non-repeatable levels by time:
     D:5: 1469 daAuts
     D:6: 1441 daAuts
     D:2: 1368 daAuts
     D:1: 1196 daAuts
     D:3: 894 daAuts
     D:4: 892 daAuts
     D:7: 638 daAuts
  Temple: 131 daAuts
